AoeStats
← tobinho_125

Highland

504475486Analyzed
4v4 RM · 26d ago on Sep 5, 2026· 103m 50s· 8 players
Game mode
Random Map
Map size
Large (8 player)
Population
200
Speed
Normal
Resources
Standard
Victory
Conquest
Starting age
Dark Age
Ending age
Imperial Age
RankedLock teamsTeams togetherTeam positionsShared explorationLock speedFull tech treeHidden civsTurbo modeCheats
Victory
Defeat
🇨🇦 Vikings · Canada
1000
+14
🇮🇳 Koreans · India
973
+15
🇦🇺 Gurjaras · Australia
919
+17
🇦🇷 Vietnamese · Argentina
901
+19
🇹🇷 Burgundians · Türkiye
984
-18
🇨🇿 Japanese · Czechia
981
-17
🇩🇪 Sicilians · Germany
944
-16
🇩🇪 Poles · Germany
900
-14
Zwerg
10:55 Feudal Age
9:12 Loom
tobinho_125
11:42 Feudal Age
10:15 Loom
17:31 Castle Age
16:37 Double-Bit Axe
16:47 Horse Collar
19:39 Wheelbarrow
19:50 Bow Saw
19:43 Heavy Plow
23:09 Hand Cart
22:39 Town Watch
27:26 Gold Mining
27:28 Stone Mining
28:31 Szlachta Privileges
28:51 Scale Barding Armor
28:57 Forging
33:01 Imperial Age
33:12 Chain Barding Armor
33:28 Iron Casting
33:45 Ballistics
34:06 Lechitic Legacy
34:06 Conscription
33:20 Cavalier
34:00 Husbandry
34:57 Crop Rotation
37:02 Chemistry
35:52 Light Cavalry
36:42 Bloodlines
37:26 Caravan
38:26 Winged Hussar
44:03 Man-at-Arms
44:03 Pikeman
44:28 Elite Obuch
48:33 Blast Furnace
47:33 Scale Mail Armor
47:35 Padded Archer Armor
47:25 Fletching
47:47 Murder Holes
48:13 Bombard Tower
48:39 Long Swordsman
51:12 Two-Handed Swordsman
52:46 Chain Mail Armor
52:26 Bodkin Arrow
52:47 Leather Archer Armor
52:50 Champion
55:54 Plate Mail Armor
58:21 Onager
68:51 Bracer
77:02 Siege Engineers
79:02 Capped Ram
87:45 Siege Ram
99:43 Fortified Wall
ldanihel
11:38 Feudal Age
12:49 Loom
17:08 Castle Age
14:56 Double-Bit Axe
16:55 Fletching
17:05 Padded Archer Armor
17:08 Horse Collar
34:43 Medium Warships
35:25 Bow Saw
38:53 Imperial Age
37:00 Wheelbarrow
36:30 Gold Mining
36:31 Stone Mining
37:56 Caravan
38:27 Coinage
40:37 Chemistry
40:51 Heavy Warships
41:24 Ballistics
40:56 Elite Cannon Galleon
48:26 Elite Samurai
52:43 Capped Ram
54:14 Banking
55:57 Scale Mail Armor
77:09 Heavy Scorpion
80:10 Parthian Tactics
79:06 Heavy Cavalry Archer
82:37 Ballistics
89:16 Man-at-Arms
89:42 Gambesons
90:11 Long Swordsman
92:00 Chain Mail Armor
91:35 Two-Handed Swordsman
93:23 Champion
94:59 Plate Mail Armor
93:59 Pikeman
96:54 Halberdier
bLuStEr
2:16 Loom
6:48 Double-Bit Axe
11:02 Wheelbarrow
10:40 Horse Collar
13:10 Feudal Age
12:23 Gold Mining
14:08 Hand Cart
14:05 Bow Saw
13:57 Heavy Plow
13:54 Town Watch
15:17 Gold Shaft Mining
23:33 Castle Age
21:51 Stone Mining
23:10 Stone Shaft Mining
23:03 Forging
22:59 Scale Barding Armor
25:41 Two-Man Saw
25:13 Crop Rotation
26:22 Chain Barding Armor
28:06 Cavalier
28:47 Husbandry
32:45 Town Patrol
37:03 Imperial Age
34:12 Light Cavalry
36:34 Burgundian Vineyards
36:36 Fletching
37:46 Bodkin Arrow
38:43 Iron Casting
38:43 Plate Barding Armor
37:39 Paladin
39:08 Bracer
40:58 Chemistry
42:02 Blast Furnace
41:24 Ballistics
41:00 Murder Holes
44:05 Conscription
44:21 Hoardings
44:09 Hussar
49:11 Sappers
53:00 Elite Coustillier
54:03 Arrowslits
54:39 Bombard Tower
54:29 Fortified Wall
54:30 Masonry
54:38 Caravan
56:30 Elite Skirmisher
61:37 Pikeman
62:17 Squires
62:04 Arson
69:19 Scale Mail Armor
69:20 Padded Archer Armor
76:23 Halberdier
85:22 Architecture
88:15 Leather Archer Armor
87:52 Guard Tower
90:38 Chain Mail Armor
95:25 Plate Mail Armor
96:50 Keep
102:54 Treadmill Crane
Swordfish
0:31 Loom
11:12 Feudal Age
13:32 Horse Collar
19:10 Castle Age
18:19 Double-Bit Axe
21:48 Pikeman
22:41 Scale Mail Armor
22:56 Forging
23:33 Squires
25:14 Heavy Plow
25:27 Bow Saw
25:12 Gold Mining
25:14 Stone Mining
32:26 Imperial Age
29:44 Town Watch
30:33 Chain Mail Armor
30:10 Fletching
32:30 Man-at-Arms
32:56 Gambesons
32:57 Arson
34:19 Plate Mail Armor
34:25 Iron Casting
34:52 Gold Shaft Mining
34:36 Long Swordsman
35:55 Fortified Wall
36:08 Ballistics
36:04 Chieftains
35:34 Two-Handed Swordsman
37:41 Siege Engineers
38:37 Chemistry
40:17 Heavy Scorpion
41:00 Murder Holes
42:20 Onager
42:28 Champion
46:35 Blast Furnace
45:40 Bodkin Arrow
45:45 Padded Archer Armor
46:47 Elite Skirmisher
48:42 Imperial Skirmisher
49:27 Bracer
49:43 Leather Archer Armor
51:35 Caravan
51:39 Capped Ram
54:36 Siege Ram
58:52 Town Patrol
59:30 Ring Archer Armor
59:06 Scale Barding Armor
63:56 Chain Barding Armor
64:01 Conscription
68:29 Elite Berserk
80:24 Light Cavalry
80:25 Cavalier
82:46 Masonry
82:17 Treadmill Crane
82:26 Arrowslits
82:32 Guard Tower
82:33 Heated Shot
97:33 Elite Cannon Galleon
97:36 Elite Longship
richnoob575
9:46 Loom
11:56 Feudal Age
12:42 Horse Collar
18:12 Castle Age
16:57 Double-Bit Axe
18:21 Forging
18:18 Stone Mining
18:42 Fletching
20:02 Bodkin Arrow
20:13 Fishing Lines
21:03 Scale Barding Armor
23:12 Thumb Ring
23:47 Iron Casting
23:36 Chain Barding Armor
27:10 Wheelbarrow
28:17 Thumb Ring
31:54 Imperial Age
30:06 Heavy Plow
30:18 Bow Saw
31:46 Gillnets
34:22 Elite Elephant Archer
36:19 Caravan
36:54 Medium Warships
37:21 Hand Cart
36:51 Town Watch
41:38 Heavy Warships
44:06 Frontier Guards
44:07 Conscription
46:28 Town Patrol
46:31 Bracer
47:07 Plate Barding Armor
47:47 Ballistics
48:27 Chemistry
47:59 Treadmill Crane
53:23 Kshatriyas
55:19 Clinker Construction
55:19 Careening
70:53 Murder Holes
71:14 Fortified Wall
85:58 Husbandry
86:09 Bloodlines
85:25 Heavy Camel Rider
97:24 Masonry
PNAL | Mark Max 77
11:08 Feudal Age
9:23 Loom
12:10 Double-Bit Axe
12:06 Horse Collar
17:53 Fletching
22:18 Castle Age
23:06 Wheelbarrow
22:49 Town Watch
25:14 Hand Cart
24:57 Bodkin Arrow
24:47 Crossbowman
27:33 Ballistics
29:09 Bow Saw
30:00 Heavy Plow
34:05 Imperial Age
34:49 Thumb Ring
35:55 Chemistry
35:02 Siege Engineers
34:56 Murder Holes
35:26 Bracer
35:41 Fortified Wall
38:16 Two-Man Saw
37:48 Crop Rotation
41:25 Arbalester
42:09 Padded Archer Armor
42:38 Paper Money
43:16 Squires
43:01 Arson
43:48 Pikeman
44:31 Scale Mail Armor
44:42 Forging
45:16 Elite Fire Lancer
53:09 Halberdier
55:09 Chain Mail Armor
55:30 Iron Casting
60:11 Elite Skirmisher
61:12 Imperial Skirmisher
72:41 Bloodlines
72:31 Husbandry
75:20 Husbandry
74:42 Light Cavalry
78:02 Cavalier
98:39 Plate Mail Armor
98:25 Leather Archer Armor
madmonk08
0:27 Loom
13:12 Feudal Age
16:40 Wheelbarrow
15:50 Town Watch
15:53 Double-Bit Axe
15:52 Horse Collar
20:40 Gold Mining
20:41 Stone Mining
23:24 Castle Age
20:49 Man-at-Arms
22:04 Scale Mail Armor
22:14 Fletching
23:44 Forging
25:09 Hand Cart
38:09 Imperial Age
36:42 Caravan
37:24 Gold Shaft Mining
37:25 Stone Shaft Mining
37:24 Long Swordsman
37:51 Gambesons
38:06 Squires
37:52 Arson
37:30 Crossbowman
38:16 Thumb Ring
38:15 Husbandry
37:36 Light Cavalry
38:36 Bow Saw
39:20 Conscription
39:04 Capped Ram
43:18 Shinkichon
44:50 Heavy Plow
48:11 Chemistry
47:24 Fortified Wall
47:53 Town Patrol
47:32 Pikeman
47:34 Two-Handed Swordsman
50:12 Bodkin Arrow
50:53 Iron Casting
52:49 Iron Casting
52:18 Arrowslits
55:01 Bracer
55:19 Chain Mail Armor
55:11 Scale Barding Armor
55:48 Ballistics
55:20 Heated Shot
55:41 Masonry
57:21 Two-Man Saw
60:54 Heavy Rocket Cart
63:50 Champion
63:50 Halberdier
63:54 Elite Fire Lancer
66:35 Halberdier
68:35 Plate Mail Armor
68:25 Chain Barding Armor
71:52 Cavalier
71:53 Hussar
71:56 Arbalester
71:56 Elite Skirmisher
Connection lost

Rejoining the realm…

Still unreachable

The connection could not be restored.

Session expired

The server has moved on; the page needs a fresh start.